 Dungeon Crawl Stone Soup version 0.13.0-6-g40e4d2d (webtiles) character file.

239 Leibowitz the Ducker (level 4, 0/28 HPs)
             Began as a Kobold Gladiator on Oct 14, 2013.
             Slain by an orc priest (3 damage)
             ... on Level 3 of the Dungeon.
             The game lasted 00:06:30 (1796 turns).

Leibowitz the Ducker (Kobold Gladiator)             Turns: 1796, Time: 00:06:30

HP   0/28        AC  5     Str 14      XL: 4   Next: 57%
MP   3/3         EV 16     Int  6      God:
Gold 163         SH  0     Dex 16      Spells:  0 memorised,  3 levels left

Res.Fire  : . . .   See Invis. : +   s - +0 sabre
Res.Cold  : . . .   Warding    : .   b - +1 leather armour
Life Prot.: . . .   Conserve   : .   (no shield)
Res.Poison: .       Res.Corr.  : .   c - +0 helmet
Res.Elec. : .       Clarity    : .   (no cloak)
Sust.Abil.: . .     Spirit.Shd : .   (no gloves)
Res.Mut.  : .       Stasis     : +   (no boots)
Res.Rott. : .       Flight     : .   i - amulet of stasis {unknown}
Saprovore : + + .                    (no ring)
                                     t - ring of see invisible {unknown}

@: slightly resistant to hostile enchantments, fairly stealthy
A: disease resistance, carnivore 3, saprovore 2
a: no special abilities


You were on level 3 of the Dungeon.
You were completely stuffed.

You visited 1 branch of the dungeon, and saw 3 of its levels.

You collected 143 gold pieces.

Inventory:

Hand weapons
 a - a +0,+0 short sword
 s - a +0,+0 sabre (weapon)
Missiles
 d - 12 darts (quivered)
Armour
 b - a +1 leather armour (worn)
 c - a +0 helmet (worn)
Comestibles
 f - 2 meat rations
 o - a slice of pizza
Scrolls
 e - 4 scrolls of teleportation {unknown}
 g - a scroll of remove curse {unknown}
 j - a scroll of noise {unknown}
 k - a scroll of enchant weapon I {unknown}
 n - a scroll of random uselessness {unknown}
 p - 2 scrolls of enchant weapon II {unknown}
 q - 2 scrolls of identify {unknown}
Jewellery
 i - an amulet of stasis (around neck) {unknown}
 l - an uncursed amulet of conservation {unknown}
 r - an uncursed amulet of inaccuracy {unknown}
 t - a ring of see invisible (left hand) {unknown}


   Skills:
 * Level 2.5 Fighting
 + Level 4.6 Short Blades
 - Level 2.6 Throwing
 * Level 5.0 Dodging
 * Level 2.2 Stealth


You had 3 spell levels left.
You didn't know any spells.

Dungeon Overview and Level Annotations

Branches:
Dungeon (3/27)

Altars:

Annotations:
D:2 Terence


Innate Abilities, Weirdness & Mutations

You recuperate from illness quickly.
You are small and have problems with some larger weapons.
You are carnivorous and can eat meat at any time.
You can eat rotten meat.


Message History

The orc shouts!
The orc priest completely misses you.
You hit the orc priest but do no damage.
The orc priest is lightly wounded.
The orc hits you with an orcish flail! The orc priest barely misses you.
You hit the orc priest but do no damage.
The orc priest is lightly wounded.
The orc priest closely misses you. The orc closely misses you.
You closely miss the orc priest.
The orc priest is lightly wounded.
The orc priest calls down the wrath of Beogh upon you.
Something smites you!
* * * LOW HITPOINT WARNING * * *
The orc completely misses you.
Read which item? (? for menu, Esc to quit)
As you read the scroll labeled OKHACI JUYJ, it crumbles to dust.
Use on which item? (\ to view known items) (? for menu, Esc to quit)
Your +0 leather armour glows green for a moment.
It was a scroll of enchant armour.
The orc priest hits you.
You die...

##### #...# # # #...## #
..o #@oo.# ##### #
ooo.o.###o..#####...#####
........oo..........)....
####.....................
###########...##...###
######...# #...# #####


You could see 2 orc priests, an orc wizard and an orc.

Vanquished Creatures
  Ijyb (D:2)
  3 adders
  A worm (D:2)
  2 orcs (D:3)
  2 giant cockroaches
  4 hobgoblins
  A quokka (D:2)
  5 bats
  3 giant newts
  3 goblins
  3 kobolds
  2 rats
30 creatures vanquished.

Notes
Turn   | Place    | Note
--------------------------------------------------------------
     0 | D:1      | Leibowitz, the Kobold Gladiator, began the quest for the Orb.
     0 | D:1      | Reached XP level 1. HP: 13/13 MP: 0/0
   285 | D:1      | Reached XP level 2. HP: 16/18 MP: 1/1
   677 | D:2      | Reached skill level 1 in Stealth
   774 | D:2      | Noticed Terence
   831 | D:2      | Reached XP level 3. HP: 18/22 MP: 2/2
   925 | D:2      | Noticed Ijyb
   951 | D:2      | Killed Ijyb
  1024 | D:2      | Reached XP level 4. HP: 28/28 MP: 3/3
  1592 | D:3      | Reached skill level 5 in Dodging
  1796 | D:3      | Slain by an orc priest

Action                   |  1- 3 |  4- 6 || total
-------------------------+-------+-------++-------
Melee: Short sword       |   108 |    14 ||   122
       Sabre             |       |    40 ||    40
Throw: Dart              |     3 |       ||     3
  Use: Potion            |       |     3 ||     3
       Scroll            |       |     1 ||     1
 Stab: Sleeping          |     2 |       ||     2
